 Dungeon Crawl Stone Soup version 0.21-a0-81-gc5150db (webtiles) character file.

39 Kenran the Ruffian (level 3, 0/33 HPs)
             Began as an Ogre Transmuter on June 23, 2017.
             Succumbed to an adder's poison
             ... on level 2 of the Dungeon.
             The game lasted 00:03:58 (956 turns).

Kenran the Ruffian (Ogre Transmuter)                 Turns: 956, Time: 00:03:59

Health: 0/33       AC:  4    Str: 14    XL:     3   Next: 47%
Magic:  6/6        EV: 10    Int: 15    God:
Gold:   73         SH:  0    Dex:  9    Spells: 3/6 levels left

rFire    . . .     SeeInvis .     - Unarmed
rCold    . . .     Gourm    .   (no shield)
rNeg     . . .     Faith    .   b - +0 robe
rPois    .         Spirit   .   (helmet restricted)
rElec    .         Reflect  .   f - +0 cloak
rCorr    .         Harm     .   (gloves unavailable)
MR       .....                  (boots unavailable)
Stlth    +.........             n - amulet of magic regeneration
HPRegen  0.11/turn              (no ring)
MPRegen  0.35/turn              (no ring)

@: lethally poisoned (0 -> -16)
A: unfitting armour, tough skin 1
a: no special abilities


You were on level 2 of the Dungeon.
You were not hungry.

You visited 1 branch of the dungeon, and saw 2 of its levels.

You collected 73 gold pieces.

Inventory:

Hand Weapons
 k - a +0 mace
Missiles
 a - 35 arrows
 i - 19 stones (quivered)
Armour
 b - a +0 robe (worn)
 f - a +0 cloak (worn)
Jewellery
 n - an amulet of magic regeneration (around neck)
Scrolls
 j - 2 scrolls of identify {@r1}
 p - 2 scrolls of remove curse {unknown}
 q - a scroll of noise {unknown}
 r - a scroll of amnesia {unknown}
Potions
 e - a potion of curing {unknown}
 g - a potion of magic {unknown}
 h - a potion of cancellation {@q6}
 m - a potion of haste {unknown}
Books
 c - a book of Changes

   Spells                             Type                      Level
   a - Beastly Appendage              Transmutation                1
   b - Sticks to Snakes               Transmutation                2
   c - Spider Form                    Transmutation/Poison         3
   d - Ice Form                       Ice/Transmutation            4
   e - Blade Hands                    Transmutation                5
Comestibles
 d - 2 bread rations {@e1}
 l - a royal jelly {@e3}
 o - a chunk of flesh
 s - a meat ration {@e1}


   Skills:
 - Level 1.3 Fighting
 - Level 1.7 Dodging
 + Level 3.5 Unarmed Combat
 - Level 2.4 Spellcasting
 + Level 2.5 Transmutations


You had 3 spell levels left.
You knew the following spells:

 Your Spells              Type           Power        Failure   Level  Hunger
a - Beastly Appendage     Tmut           #.....       8%          1    #......
b - Sticks to Snakes      Tmut           #.......     12%         2    ###....


Dungeon Overview and Level Annotations

Branches:
Dungeon (2/15)

Altars:


Innate Abilities, Weirdness & Mutations

You are too large for most types of armour.
You have tough skin. (AC +1)


Message History

You feel sick. The adder closely misses you.
Unknown command.
Unknown command.
You barely miss the adder.
The adder is heavily wounded.
The adder bites you.
* * * LOW HITPOINT WARNING * * *
You are more poisoned.
The adder poisons you!
You closely miss the adder.
The adder is heavily wounded.
* * * LOW HITPOINT WARNING * * *
You feel sick. The adder bites you.
* * * LOW HITPOINT WARNING * * *
Unknown command.
It was a potion of cancellation.
Your magical effects are unravelling.
You feel magically purged.
Your talons disappear.
You die...

##########
........
....... .....
.. .... ... ..#
# #.### #S# .
.... #@# #.
#.###.# #.
#...#.#
#.###+#<..#.###
#......<......#
#........)....#
#.............#
#.#######'#+###
# #.#.#


You could see an adder.

Vanquished Creatures
  An ooze (D:2)
  A dart slug (D:1)
  A leopard gecko (D:1)
  4 bats (D:1)
  A giant cockroach (D:1)
  3 goblins
  4 hobgoblins
  3 jackals (D:1)
  4 kobolds
  4 frilled lizards (D:1)
  5 rats
31 creatures vanquished.

Notes
Turn   | Place    | Note
-------+----------+-------------------------------------------
     0 | D:1      | Kenran the Ogre Transmuter began the quest for the Orb.
     0 | D:1      | Reached XP level 1. HP: 19/19 MP: 3/3
   129 | D:1      | Reached skill level 3 in Unarmed Combat
   265 | D:1      | Reached XP level 2. HP: 25/27 MP: 3/5
   364 | D:1      | Learned a level 2 spell: Sticks to Snakes
   664 | D:1      | Reached XP level 3. HP: 31/33 MP: 6/6
   955 | D:2      | HP: 1/33 [adder (5)]
   956 | D:2      | Succumbed to an adder's poison

Vault maps used:
D:1:      kennysheep_arrival_forest
D:2:      minitemple, first_bread, uniq_jessica, uniq_robin

Skill      XL: |  1  2 |
---------------+-------+-----
Unarmed Combat | 3 |  3.5
Transmutations | 2 |  2.5
Fighting       | |  1.3
Dodging        | |  1.7
Spellcasting   | |  2.4

Action                   || total
-------------------------++-------
Melee: Unarmed           ||   128
       Punch             ||     1
       Kick              ||     1
 Cast: Beastly Appendage ||     5
  Use: Scroll            ||     2
       Potion            ||     1
Armor: Robe              ||    51
Dodge: Dodged            ||    65
